2101 views
Uploaded 2023-07-03 01:30:02
Game version 1.36 (6115)
10:07 long 4on4 ladder game on (8)RoyalGardens_S2_v1.2
Saved by DKnight
2101 views
Uploaded 2023-07-03 01:30:02
Game version 1.36 (6115)
10:07 long 4on4 ladder game on (8)RoyalGardens_S2_v1.2


97 units @ 11.8k
/ 0.9k
67 buildings @ 9.6k
/ 4k


| Wisp | 17 | 1020 | / | 0 |
| Archer | 2 | 260 | / | 20 |
| Huntress | 5 | 975 | / | 100 |
| total: | 24 | 2255g | / | 120w |
| Ancient Protector | 5 | 675 | / | 400 |
| Altar of Elders | 1 | 180 | / | 50 |
| Moon Well | 3 | 540 | / | 120 |
| Ancient of War | 3 | 450 | / | 180 |
| Ancient of Wonders | 1 | 90 | / | 30 |
| Hunter's Hall | 1 | 210 | / | 100 |
| Tree of Life | 3 | 1020 | / | 555 |
| Tree of Ages | 1 | 320 | / | 180 |
| total: | 17 | 3165g | / | 1435w |
| 0:01 | Wisp |
| 0:01 | Wisp |
| 0:06 | Altar of Elders |
| 0:17 | Moon Well |
| 0:24 | Wisp |
| 0:33 | Ancient of War |
| 0:35 | Wisp |
| 0:44 | Wisp |
| 0:52 | Wisp |
| 1:04 | Wisp |
| 1:23 | Wisp |
| 1:30 | Wisp |
| 1:34 | Archer |
| 1:34 | Archer |
| 1:42 | Moon Well |
| 1:45 | Wisp |
| 1:55 | Ancient of Wonders |
| 2:06 | Force of Nature |
| 2:27 | Moon Well |
| 2:45 | Wisp |
| 2:45 | Wisp |
| 2:46 | Wisp |
| 2:49 | Hunter's Hall |
| 3:54 | Tree of Life |
| 4:18 | Tree of Ages |
| 4:21 | Ancient Protector |
| 4:22 | Ancient Protector |
| 5:05 | Ancient of War |
| 5:28 | Entangling Roots |
| 5:47 | Tree of Life |
| 6:09 | Ancient of War |
| 6:11 | Tree of Life |
| 6:15 | Ancient Protector |
| 6:17 | Ancient Protector |
| 6:19 | Huntress |
| 6:29 | Huntress |
| 7:01 | Huntress |
| 7:07 | Wisp |
| 7:07 | Wisp |
| 7:11 | Ancient Protector |
| 7:20 | Frost Arrows |
| 7:41 | Huntress |
| 8:15 | Huntress |
| 8:29 | Wisp |
| 8:29 | Wisp |
| Right click | 510 |
| Select group | 418 |
| Select | 137 |
| Build/train/purchase | 35 |
| Assign group | 26 |
| Use ability | 16 |
| Chat | 16 |
| Minimap ping | 9 |
| Esc | 4 |
| Misc. action | 1 |

| Healing Salve | 1 | 100 |
| Lesser Clarity Potion | 1 | 70 |
| total: | 2 | 170g |
| Peon | 14 | 1050 | / | 0 |
| Grunt | 7 | 1400 | / | 0 |
| Goblin Shredder | 2 | 750 | / | 200 |
| total: | 23 | 3200g | / | 200w |
| Barracks | 1 | 180 | / | 50 |
| Orc Burrow | 4 | 640 | / | 160 |
| Altar of Storms | 2 | 360 | / | 100 |
| Great Hall | 3 | 1155 | / | 555 |
| Voodoo Lounge | 1 | 130 | / | 30 |
| War Mill | 1 | 205 | / | 0 |
| Spirit Lodge | 2 | 300 | / | 300 |
| Stronghold | 1 | 315 | / | 190 |
| Fortress | 1 | 325 | / | 190 |
| total: | 14 | 2970g | / | 1195w |
| 0:02 | Peon |
| 0:02 | Peon |
| 0:03 | Peon |
| 0:19 | Barracks |
| 0:34 | Orc Burrow |
| 0:38 | Orc Burrow |
| 0:43 | Peon |
| 0:56 | Peon |
| 1:18 | Peon |
| 1:22 | Altar of Storms |
| 1:23 | Altar of Storms |
| 1:30 | Grunt |
| 1:45 | Peon |
| 1:59 | Grunt |
| 2:12 | Peon |
| 2:28 | Grunt |
| 2:43 | Orc Burrow |
| 3:02 | Grunt |
| 3:23 | Endurance Aura |
| 3:44 | Great Hall |
| 3:53 | Great Hall |
| 4:06 | Grunt |
| 4:24 | War Stomp |
| 4:30 | Stronghold |
| 4:42 | Voodoo Lounge |
| 5:18 | Grunt |
| 5:22 | War Mill |
| 5:51 | Grunt |
| 6:14 | Orc Burrow |
| 6:15 | Peon |
| 6:21 | Healing Salve |
| 6:21 | Lesser Clarity Potion |
| 6:52 | Peon |
| 6:55 | Fortress |
| 7:12 | Goblin Shredder |
| 7:12 | Goblin Shredder |
| 8:07 | Peon |
| 8:07 | Peon |
| 8:07 | Peon |
| 8:25 | Peon |
| 8:52 | Great Hall |
| 8:59 | Spirit Lodge |
| 9:00 | Steel Armor |
| 9:10 | Spirit Lodge |
| Right click | 311 |
| Select | 130 |
| Select group | 101 |
| Build/train/purchase | 41 |
| Misc. action | 38 |
| Assign group | 35 |
| Use ability | 6 |
| Minimap ping | 2 |
| Item give/drop | 1 |


| Scroll of Regeneration | 2 | 200 |
| Ivory Tower | 1 | 40 |
| Scroll of Town Portal | 1 | 350 |
| total: | 4 | 590g |
| Peasant | 12 | 900 | / | 0 |
| Footman | 1 | 135 | / | 0 |
| Rifleman | 5 | 1025 | / | 150 |
| Priest | 2 | 270 | / | 20 |
| total: | 20 | 2330g | / | 170w |
| Scout Tower | 3 | 90 | / | 60 |
| Arcane Tower | 1 | 70 | / | 50 |
| Guard Tower | 4 | 280 | / | 200 |
| Farm | 7 | 560 | / | 140 |
| Altar of Kings | 1 | 180 | / | 50 |
| Barracks | 1 | 160 | / | 60 |
| Blacksmith | 1 | 140 | / | 60 |
| Arcane Vault | 1 | 130 | / | 30 |
| Lumber Mill | 1 | 120 | / | 0 |
| Arcane Sanctum | 1 | 150 | / | 140 |
| Workshop | 1 | 140 | / | 140 |
| Keep | 2 | 640 | / | 420 |
| total: | 17 | 1670g | / | 680w |
| 0:02 | Peasant |
| 0:02 | Peasant |
| 0:11 | Farm |
| 0:25 | Altar of Kings |
| 0:32 | Peasant |
| 0:40 | Barracks |
| 0:49 | Peasant |
| 0:50 | Peasant |
| 1:00 | Farm |
| 1:12 | Peasant |
| 1:37 | Scout Tower |
| 1:39 | Peasant |
| 1:46 | Footman |
| 1:54 | Peasant |
| 1:58 | Blacksmith |
| 2:05 | Farm |
| 2:11 | Arcane Tower |
| 2:17 | Peasant |
| 2:25 | Storm Bolt |
| 2:30 | Peasant |
| 2:41 | Arcane Vault |
| 2:44 | Farm |
| 2:48 | Peasant |
| 3:05 | Lumber Mill |
| 3:18 | Rifleman |
| 3:27 | Farm |
| 3:46 | Rifleman |
| 3:59 | Scroll of Regeneration |
| 4:06 | Scout Tower |
| 4:20 | Improved Lumber Harvesting |
| 4:20 | Advanced Lumber Harvesting |
| 4:32 | Rifleman |
| 4:32 | Rifleman |
| 4:39 | Bash |
| 4:46 | Guard Tower |
| 5:07 | Keep |
| 5:25 | Scout Tower |
| 5:26 | Improved Masonry |
| 5:26 | Advanced Masonry |
| 5:44 | Black Gunpowder |
| 5:55 | Guard Tower |
| 6:18 | Rifleman |
| 7:25 | Studded Leather Armor |
| 7:29 | Long Rifles |
| 7:33 | Arcane Sanctum |
| 7:45 | Storm Bolt |
| 8:00 | Workshop |
| 8:01 | Peasant |
| 8:15 | Scroll of Regeneration |
| 8:25 | Holy Light |
| 8:38 | Scroll of Town Portal |
| 8:42 | Ivory Tower |
| 8:58 | Priest |
| 8:59 | Priest |
| 9:46 | Farm |
| 9:48 | Farm |
| Select | 452 |
| Right click | 250 |
| Misc. action | 87 |
| Select group | 70 |
| Build/train/purchase | 53 |
| Use ability | 16 |
| Assign group | 15 |
| Minimap ping | 2 |

| Scroll of Regeneration | 1 | 100 |
| Lesser Clarity Potion | 1 | 70 |
| total: | 2 | 170g |
| Peasant | 16 | 1200 | / | 0 |
| Rifleman | 13 | 2665 | / | 390 |
| Footman | 1 | 135 | / | 0 |
| total: | 30 | 4000g | / | 390w |
| Scout Tower | 8 | 240 | / | 160 |
| Arcane Tower | 2 | 140 | / | 100 |
| Guard Tower | 6 | 420 | / | 300 |
| Farm | 5 | 400 | / | 100 |
| Blacksmith | 1 | 140 | / | 60 |
| Barracks | 1 | 160 | / | 60 |
| Altar of Kings | 1 | 180 | / | 50 |
| Town Hall | 1 | 385 | / | 205 |
| Lumber Mill | 1 | 120 | / | 0 |
| Arcane Vault | 1 | 130 | / | 30 |
| Keep | 1 | 320 | / | 210 |
| total: | 19 | 1755g | / | 665w |
| 0:03 | Peasant |
| 0:04 | Peasant |
| 0:04 | Peasant |
| 0:04 | Peasant |
| 0:21 | Farm |
| 0:44 | Peasant |
| 0:44 | Peasant |
| 0:51 | Blacksmith |
| 1:03 | Farm |
| 1:08 | Barracks |
| 1:20 | Peasant |
| 1:28 | Peasant |
| 1:35 | Altar of Kings |
| 1:41 | Peasant |
| 1:49 | Farm |
| 2:13 | Rifleman |
| 2:14 | Peasant |
| 2:28 | Peasant |
| 2:31 | Farm |
| 2:44 | Rifleman |
| 2:55 | Scout Tower |
| 3:09 | Rifleman |
| 3:16 | Farm |
| 3:24 | Arcane Tower |
| 3:36 | Storm Bolt |
| 3:58 | Rifleman |
| 4:07 | Rifleman |
| 4:28 | Rifleman |
| 5:11 | Town Hall |
| 5:19 | Rifleman |
| 5:37 | Scout Tower |
| 5:46 | Lumber Mill |
| 5:48 | Peasant |
| 5:48 | Peasant |
| 6:16 | Arcane Tower |
| 6:30 | Scout Tower |
| 6:32 | Scout Tower |
| 6:33 | Scout Tower |
| 6:51 | Rifleman |
| 6:59 | Guard Tower |
| 7:05 | Rifleman |
| 7:13 | Bash |
| 7:20 | Arcane Vault |
| 7:21 | Rifleman |
| 7:23 | Guard Tower |
| 7:26 | Scout Tower |
| 7:28 | Guard Tower |
| 7:36 | Scout Tower |
| 7:37 | Scout Tower |
| 7:40 | Peasant |
| 7:40 | Peasant |
| 7:41 | Improved Lumber Harvesting |
| 7:46 | Scroll of Regeneration |
| 7:46 | Lesser Clarity Potion |
| 8:00 | Guard Tower |
| 8:03 | Guard Tower |
| 8:21 | Improved Masonry |
| 8:22 | Peasant |
| 9:06 | Rifleman |
| 9:07 | Rifleman |
| 9:08 | Keep |
| 9:24 | Footman |
| 9:45 | Rifleman |
| 9:47 | Guard Tower |
| Right click | 379 |
| Select group | 269 |
| Select | 131 |
| Assign group | 71 |
| Build/train/purchase | 53 |
| Misc. action | 12 |
| Use ability | 7 |
| Minimap ping | 3 |
| Remove unit | 1 |
68 units @ 9.9k
/ 1.2k
54 buildings @ 7.9k
/ 2.5k

| Scroll of Regeneration | 2 | 200 |
| Lesser Clarity Potion | 3 | 210 |
| total: | 5 | 410g |
| Peasant | 16 | 1200 | / | 0 |
| Rifleman | 10 | 2050 | / | 300 |
| total: | 26 | 3250g | / | 300w |
| Scout Tower | 5 | 150 | / | 100 |
| Guard Tower | 1 | 70 | / | 50 |
| Arcane Tower | 1 | 70 | / | 50 |
| Altar of Kings | 1 | 180 | / | 50 |
| Blacksmith | 1 | 140 | / | 60 |
| Barracks | 2 | 320 | / | 120 |
| Farm | 7 | 560 | / | 140 |
| Arcane Vault | 3 | 390 | / | 90 |
| Lumber Mill | 1 | 120 | / | 0 |
| Town Hall | 2 | 770 | / | 410 |
| Keep | 1 | 320 | / | 210 |
| total: | 22 | 2630g | / | 970w |
| 0:02 | Peasant |
| 0:02 | Peasant |
| 0:02 | Peasant |
| 0:03 | Peasant |
| 0:24 | Peasant |
| 0:37 | Altar of Kings |
| 0:52 | Blacksmith |
| 0:57 | Barracks |
| 1:03 | Farm |
| 1:06 | Peasant |
| 1:22 | Peasant |
| 1:26 | Farm |
| 1:51 | Peasant |
| 2:08 | Farm |
| 2:13 | Arcane Vault |
| 2:15 | Rifleman |
| 2:19 | Arcane Vault |
| 2:41 | Rifleman |
| 2:47 | Holy Light |
| 3:21 | Rifleman |
| 3:29 | Scroll of Regeneration |
| 3:42 | Rifleman |
| 3:44 | Farm |
| 4:22 | Rifleman |
| 4:24 | Lumber Mill |
| 4:28 | Farm |
| 4:30 | Farm |
| 4:50 | Divine Shield |
| 5:10 | Town Hall |
| 5:13 | Scout Tower |
| 5:15 | Scout Tower |
| 5:18 | Arcane Vault |
| 5:24 | Rifleman |
| 5:41 | Guard Tower |
| 5:55 | Holy Light |
| 6:09 | Peasant |
| 6:10 | Peasant |
| 6:12 | Improved Lumber Harvesting |
| 6:22 | Town Hall |
| 6:56 | Lesser Clarity Potion |
| 6:58 | Lesser Clarity Potion |
| 7:05 | Peasant |
| 7:05 | Peasant |
| 7:05 | Peasant |
| 7:18 | Peasant |
| 7:36 | Keep |
| 7:43 | Farm |
| 7:45 | Peasant |
| 7:45 | Peasant |
| 8:51 | Scroll of Regeneration |
| 8:51 | Lesser Clarity Potion |
| 8:55 | Scout Tower |
| 9:01 | Devotion Aura |
| 9:08 | Rifleman |
| 9:08 | Rifleman |
| 9:11 | Barracks |
| 9:13 | Black Gunpowder |
| 9:13 | Studded Leather Armor |
| 9:27 | Arcane Tower |
| 9:28 | Scout Tower |
| 9:29 | Scout Tower |
| 9:43 | Rifleman |
| 9:43 | Rifleman |
| Right click | 366 |
| Chat | 198 |
| Select | 132 |
| Select group | 67 |
| Build/train/purchase | 50 |
| Assign group | 18 |
| Use ability | 12 |
| Misc. action | 2 |
| Minimap ping | 2 |
| Remove unit | 1 |


| Rod of Necromancy | 2 | 300 |
| Potion of Healing | 1 | 150 |
| Scroll of Town Portal | 2 | 700 |
| total: | 5 | 1150g |
| Acolyte | 2 | 150 | / | 0 |
| Ghoul | 3 | 360 | / | 0 |
| Crypt Fiend | 6 | 1290 | / | 240 |
| Obsidian Statue | 1 | 200 | / | 35 |
| Abomination | 2 | 480 | / | 140 |
| total: | 14 | 2480g | / | 415w |
| Crypt | 1 | 200 | / | 50 |
| Graveyard | 1 | 215 | / | 0 |
| Altar of Darkness | 1 | 180 | / | 50 |
| Ziggurat | 4 | 600 | / | 200 |
| Tomb of Relics | 1 | 130 | / | 30 |
| Slaughterhouse | 1 | 140 | / | 135 |
| Halls of the Dead | 1 | 320 | / | 210 |
| Black Citadel | 2 | 650 | / | 460 |
| total: | 9 | 1465g | / | 465w |
| 0:02 | Acolyte |
| 0:02 | Acolyte |
| 0:04 | Crypt |
| 0:35 | Graveyard |
| 0:49 | Altar of Darkness |
| 1:02 | Ziggurat |
| 1:08 | Ghoul |
| 1:08 | Ghoul |
| 1:32 | Tomb of Relics |
| 1:54 | Ghoul |
| 2:12 | Crypt Fiend |
| 2:15 | Ziggurat |
| 2:52 | Rod of Necromancy |
| 2:57 | Death Coil |
| 2:58 | Halls of the Dead |
| 3:22 | Crypt Fiend |
| 3:57 | Unholy Aura |
| 3:58 | Crypt Fiend |
| 4:42 | Crypt Fiend |
| 4:45 | Ziggurat |
| 5:43 | Black Citadel |
| 6:11 | Slaughterhouse |
| 6:14 | Scroll of Town Portal |
| 6:19 | Rod of Necromancy |
| 6:44 | Frost Nova |
| 6:52 | Crypt Fiend |
| 7:23 | Obsidian Statue |
| 7:25 | Crypt Fiend |
| 7:28 | Unholy Strength |
| 7:28 | Improved Unholy Strength |
| 7:32 | Death Coil |
| 8:05 | Frost Armor |
| 8:24 | Abomination |
| 8:25 | Disease Cloud |
| 8:28 | Unholy Armor |
| 9:31 | Scroll of Town Portal |
| 9:33 | Abomination |
| 9:37 | Ziggurat |
| 9:39 | Improved Unholy Armor |
| 9:45 | Potion of Healing |
| Select group | 594 |
| Right click | 473 |
| Select | 128 |
| Build/train/purchase | 45 |
| Misc. action | 40 |
| Assign group | 24 |
| Use ability | 17 |
| Minimap ping | 11 |
| Chat | 10 |
| Item give/drop | 4 |


| Sacrificial Skull | 1 | 50 |
| Rod of Necromancy | 2 | 300 |
| Potion of Healing | 1 | 150 |
| Potion of Mana | 1 | 200 |
| Lesser Clarity Potion | 1 | 70 |
| Scroll of Regeneration | 2 | 200 |
| total: | 8 | 970g |
| Acolyte | 7 | 525 | / | 0 |
| Ghoul | 2 | 240 | / | 0 |
| Crypt Fiend | 6 | 1290 | / | 240 |
| total: | 15 | 2055g | / | 240w |
| Nerubian Tower | 1 | 100 | / | 20 |
| Spirit Tower | 2 | 290 | / | 80 |
| Graveyard | 1 | 215 | / | 0 |
| Crypt | 1 | 200 | / | 50 |
| Ziggurat | 8 | 1200 | / | 400 |
| Altar of Darkness | 1 | 180 | / | 50 |
| Tomb of Relics | 1 | 130 | / | 30 |
| Necropolis | 1 | 225 | / | 0 |
| Halls of the Dead | 1 | 320 | / | 210 |
| Black Citadel | 1 | 325 | / | 230 |
| total: | 13 | 2150g | / | 530w |
| 0:04 | Acolyte |
| 0:06 | Graveyard |
| 0:10 | Crypt |
| 0:20 | Acolyte |
| 0:39 | Ziggurat |
| 0:59 | Altar of Darkness |
| 1:14 | Ghoul |
| 1:27 | Ziggurat |
| 1:42 | Ghoul |
| 1:55 | Tomb of Relics |
| 2:16 | Crypt Fiend |
| 2:40 | Crypt Fiend |
| 3:02 | Sacrificial Skull |
| 3:03 | Rod of Necromancy |
| 3:08 | Death Coil |
| 3:08 | Death Coil |
| 3:24 | Crypt Fiend |
| 3:31 | Acolyte |
| 3:40 | Acolyte |
| 3:58 | Crypt Fiend |
| 4:07 | Ziggurat |
| 4:18 | Unholy Aura |
| 4:31 | Ziggurat |
| 5:09 | Ziggurat |
| 5:10 | Ziggurat |
| 5:11 | Halls of the Dead |
| 5:46 | Death Coil |
| 6:12 | Nerubian Tower |
| 6:13 | Spirit Tower |
| 6:23 | Ziggurat |
| 6:25 | Crypt Fiend |
| 6:59 | Necropolis |
| 7:01 | Scroll of Regeneration |
| 7:06 | Scroll of Regeneration |
| 7:21 | Spirit Tower |
| 7:42 | Acolyte |
| 7:43 | Acolyte |
| 7:43 | Acolyte |
| 8:12 | Burrow |
| 8:34 | Black Citadel |
| 8:38 | Ziggurat |
| 8:53 | Crypt Fiend |
| 9:11 | Potion of Healing |
| 9:11 | Potion of Mana |
| 9:11 | Rod of Necromancy |
| 9:18 | Frost Nova |
| 9:22 | Lesser Clarity Potion |
| Right click | 486 |
| Select group | 381 |
| Select | 356 |
| Misc. action | 125 |
| Chat | 55 |
| Build/train/purchase | 45 |
| Assign group | 30 |
| Use ability | 16 |
| Minimap ping | 12 |
| Item give/drop | 2 |
| Esc | 2 |

| Sacrificial Skull | 1 | 50 |
| Scroll of Town Portal | 2 | 700 |
| total: | 3 | 750g |
| Acolyte | 3 | 225 | / | 0 |
| Ghoul | 3 | 360 | / | 0 |
| Crypt Fiend | 6 | 1290 | / | 240 |
| Obsidian Statue | 1 | 200 | / | 35 |
| total: | 13 | 2075g | / | 275w |
| Nerubian Tower | 1 | 100 | / | 20 |
| Spirit Tower | 2 | 290 | / | 80 |
| Ziggurat | 4 | 600 | / | 200 |
| Altar of Darkness | 1 | 180 | / | 50 |
| Crypt | 2 | 400 | / | 100 |
| Graveyard | 1 | 215 | / | 0 |
| Tomb of Relics | 1 | 130 | / | 30 |
| Slaughterhouse | 1 | 140 | / | 135 |
| Halls of the Dead | 1 | 320 | / | 210 |
| Black Citadel | 1 | 325 | / | 230 |
| total: | 10 | 1665g | / | 515w |
| 0:06 | Acolyte |
| 0:07 | Acolyte |
| 0:13 | Ziggurat |
| 0:18 | Altar of Darkness |
| 0:41 | Crypt |
| 1:01 | Graveyard |
| 1:07 | Acolyte |
| 1:36 | Ziggurat |
| 1:43 | Ghoul |
| 1:54 | Tomb of Relics |
| 2:01 | Ghoul |
| 2:16 | Ziggurat |
| 2:24 | Carrion Beetles |
| 2:27 | Ghoul |
| 2:43 | Nerubian Tower |
| 2:58 | Crypt Fiend |
| 3:24 | Crypt Fiend |
| 4:04 | Crypt Fiend |
| 4:14 | Halls of the Dead |
| 4:30 | Sacrificial Skull |
| 5:02 | Crypt Fiend |
| 5:25 | Crypt Fiend |
| 7:13 | Crypt Fiend |
| 7:15 | Web |
| 7:22 | Black Citadel |
| 7:30 | Slaughterhouse |
| 7:33 | Spirit Tower |
| 7:37 | Crypt |
| 7:42 | Ziggurat |
| 7:50 | Scroll of Town Portal |
| 8:51 | Spirit Tower |
| 9:02 | Impale |
| 9:38 | Obsidian Statue |
| 9:40 | Scroll of Town Portal |
| Right click | 185 |
| Select | 92 |
| Build/train/purchase | 27 |
| Use ability | 6 |
| Resource trade | 5 |
| Chat | 4 |
| Assign group | 3 |
| Select group | 1 |
⇛